 Dungeon Crawl Stone Soup version 0.26-a0-667-g92642533e4 (webtiles) character file.

Game seed: 941597705921016612

161 djmy96 the Covert (level 5, -2/30 HPs)
             Began as a Vampire Brigand on Oct 17, 2020.
             Was an Initiate of Ashenzari.
             Killed by divine providence
             ... invoked by an orc priest
              (12 damage)
             ... on level 4 of the Dungeon.
             The game lasted 00:03:48 (3253 turns).

djmy96 the Covert (Vampire Brigand)                 Turns: 3253, Time: 00:03:48

Health: -2/30      AC:  4    Str: 11    XL:     5   Next: 19%
Magic:  14/14      EV: 12    Int: 14    God:    Ashenzari [......]
Gold:   98         SH:  0    Dex: 15    Spells: 4/4 levels left

rFire    + . .     SeeInvis +   a - +2 dagger
rCold    + . .     Faith    .   (no shield)
rNeg     + + +     Spirit   .   b - +0 robe
rPois    ∞         Reflect  .   h - +0 helmet
rElec    .         Harm     .   c - +0 cloak
rCorr    .         Rampage  .   (no gloves)
MR       .....                  (no boots)
Stlth    ++++++....             (no amulet)
HPRegen  0.00/turn              s - ring of fire
MPRegen  0.14/turn              r - ring of magical power

@: bloodless
A: fangs 3, see invisible, unbreathing
a: Bat Form, Revivify, Curse Item, Renounce Religion


You were on level 4 of the Dungeon.
You worshipped Ashenzari.
Ashenzari was noncommittal.
You visited 1 branch of the dungeon, and saw 4 of its levels.

You collected 98 gold pieces.

Inventory:

Hand Weapons
 a - a +2 dagger (weapon)
Missiles
 d - 34 poisoned darts (quivered)
 e - 2 curare-tipped darts
Armour
 b - a +0 robe (worn)
 c - a +0 cloak (worn)
 h - a +0 helmet (worn)
Jewellery
 r - a ring of magical power (right hand)
 s - a ring of fire (left hand)
Scrolls
 f - 3 scrolls of identify {unknown}
 g - 2 scrolls of amnesia {unknown}
 i - a scroll of blinking {unknown}
 j - a scroll of magic mapping {unknown}
 m - 2 scrolls of enchant armour {unknown}
 n - a scroll of fear {unknown}
 o - a scroll of remove curse
 q - a scroll of teleportation {unknown}
 t - a scroll of enchant weapon {unknown}
Potions
 k - 2 potions of might {unknown}
 l - a potion of stabbing {unknown}
 p - a potion of mutation {unknown}
 u - a potion of lignification {unknown}


   Skills:
 + Level 1.9 Fighting
 + Level 2.8 Short Blades
 + Level 1.7 Throwing
 + Level 1.5 Dodging
 * Level 9.2 Stealth


You had 4 spell levels left.
You didn't know any spells.
Your spell library was empty.

Dungeon Overview and Level Annotations

Branches:
Dungeon (4/15)
 Temple: D:4-7

Altars:
Ashenzari


Innate Abilities, Weirdness & Mutations

You do not regenerate when monsters are visible.
You are frail without blood (-20% HP).
You can heal yourself when you bite living creatures.
You are immune to poison.
You have razor-sharp teeth.
You have supernaturally acute eyesight. (SInv)
You can survive without breathing.


Message History

The howler monkey is moderately wounded.
The howler monkey hits you.
You are too injured to fight recklessly!
You are too injured to fight recklessly!
The howler monkey hits you but does no damage.
You see here a howler monkey corpse.
The howler monkey hoots and howls with incredible vigour!
You hear an angry hiss.
The orc wizard casts a spell at you. The puff of flame hits you. You resist.
The howler monkey hoots and howls with incredible vigour!
The orc wizard casts a spell at you. The puff of frost hits you. You resist.
You hear an angry hiss.
The howler monkey hoots and howls with incredible vigour!
The howler monkey hoots and howls with incredible vigour!
You hear an angry hiss.
The orc priest calls down the wrath of Beogh upon you.
Beogh smites you!
You die...

#....# #.....#
#....##########.....###+##+##
####........................#
#........................+
#................o.......#
#........................#
#........................#
#...)....................#
#.........@.h.o.o......†.#+
#.....#######+##########...
#.....# #... #.....# #...
#.....# #... #.....# #...
#.....# #... #.....# #...
#...


You could see a howler monkey (catching breath), an orc priest and 2 orc
wizards.

Vanquished Creatures
  A howler monkey (D:4)
  3 adders
  An ooze (D:2)
  A worm (D:2)
  3 dart slugs
  6 leopard geckos
  6 ball pythons
  4 giant cockroaches
  11 goblins
  7 hobgoblins
  4 jackals
  7 bats
  4 frilled lizards
  9 kobolds
  8 rats
75 creatures vanquished.

Vanquished Creatures (others)
  22 plants (D:3)
22 creatures vanquished.

Grand Total: 97 creatures vanquished

Notes
Turn   | Place    | Note
-------+----------+-------------------------------------------
     0 | D:1      | djmy96 the Vampire Brigand began the quest for the Orb.
     0 | D:1      | Reached XP level 1. HP: 16/16 MP: 1/1
    39 | D:1      | Reached skill level 6 in Stealth
   166 | D:1      | Reached XP level 2. HP: 17/17 MP: 2/2
   604 | D:1      | Reached skill level 7 in Stealth
   750 | D:1      | Reached XP level 3. HP: 21/21 MP: 3/3
  1110 | D:2      | Reached skill level 8 in Stealth
  1476 | D:2      | Reached XP level 4. HP: 26/26 MP: 4/4
  2681 | D:3      | Found a broken altar of Ashenzari.
  2693 | D:3      | Became a worshipper of Ashenzari the Shackled
  3234 | D:4      | Reached skill level 9 in Stealth
  3234 | D:4      | Reached XP level 5. HP: 24/30 MP: 5/5
  3253 | D:4      | Killed from afar by an orc priest

Illustrated notes

Levels and vault maps discovered:
D:1:      dpeg_arrival_rooms_with_view, layout_loops_corners, minmay_quantized
D:2:      layout_basic
D:3:      layout_loops_ring, nicolae_overflow_crystal_walls,
          serial_bayou_lagoon_a
D:4:      layout_gridville, fedhas_altar_3, minmay_temple_entry_slanted

Skill      XL: |  1  2  3  4 |
---------------+-------------+-----
Stealth        | 6 7 8 9 |  9.2
Fighting       | |  1.9
Short Blades   | |  2.8
Throwing       | |  1.7
Dodging        | |  1.5

Action                   |  1- 3 |  4- 6 || total
-------------------------+-------+-------++-------
Melee: Dagger            |   100 |    79 ||   179
       Bite              |     7 |     8 ||    15
 Abil: Exsanguinate      |     1 |       ||     1
 Stab: Sleeping          |    26 |    11 ||    37
       Distracted        |     1 |       ||     1
Armor: Robe              |    29 |    16 ||    45
Dodge: Dodged            |    51 |    47 ||    98

Table legend: (Time is in decaauts)
 A = Elapsed time spent in this place.
 B = Non-inter-level travel time spent in this place.
 C = Inter-level travel time spent in this place.
 D = Time resting spent in this place.
 E = Time spent auto-exploring this place.
 F = Levels seen in this place.
 G = Mean time per level.
                   A        B        C        D        E       F      G
               +--------+--------+--------+--------+--------+-----+--------+
         Total |   3233 |   3166 |     67 |    178 |   2441 |   4 |  808.2 |
       Dungeon |   3233 |   3166 |     67 |    178 |   2441 |   4 |  808.2 |
               +--------+--------+--------+--------+--------+-----+--------+

Top non-repeatable levels by time:
     D:2: 1273 daAuts
     D:3: 1044 daAuts
     D:1: 860 daAuts
     D:4: 55 daAuts
